 Dungeon Crawl Stone Soup version 0.20-a0-513-g02c11fc (webtiles) character file.

5126 kidcy the Cruncher (level 10, -8/83 HPs)
             Began as a Formicid Fighter on Jan 21, 2017.
             Was a Believer of Ashenzari.
             Killed from afar by Protee's ghost (32 damage)
             ... with a blast of rock fragments
             ... on level 9 of the Dungeon on Jan 22, 2017.
             The game lasted 00:18:36 (8059 turns).

kidcy the Cruncher (Formicid Fighter)               Turns: 8059, Time: 00:18:36

Health: -8/83      AC: 12    Str: 25    XL:     10   Next: 88%
Magic:  10/10      EV:  8    Int: 11    God:    Ashenzari [**....]
Gold:   333        SH:  9    Dex: 10    Spells: 9/9 levels left

rFire    . . .     SeeInvis +   a - +1 quarterstaff (curse)
rCold    + . .     Gourm    .   t - +2 ring mail {rC+}
rNeg     . . .     Faith    .   c - +0 shield
rPois    .         Spirit   .   (helmet unavailable)
rElec    .         Reflect  .   v - +1 cloak (curse)
rCorr    .         Harm     .   (no gloves)
MR       ++...                  u - +0 pair of boots
Stlth    ..........             q - amulet of regeneration (curse)
Regen    0.7/turn               h - ring of protection from magic
                                e - +4 ring of strength

@: no status effects
A: permanent stasis, dig shafts and tunnels, four strong arms, antennae 3
a: Dig, Shaft Self, Curse Item, Scrying, Renounce Religion


You were on level 9 of the Dungeon.
You worshipped Ashenzari.
Ashenzari was pleased with you.
You were near starving.

You visited 2 branches of the dungeon, and saw 13 of its levels.

You collected 333 gold pieces.

Inventory:

Hand Weapons
 a - a cursed +1 quarterstaff (weapon)
 p - a +1 hunting sling of flaming
 x - a +2 quarterstaff of chaos
Armour
 b - a +0 scale mail
 c - a +0 shield (worn)
 t - a +2 ring mail of cold resistance (worn)
 u - a +0 pair of boots (worn)
 v - a cursed +1 cloak (worn)
Jewellery
 e - a +4 ring of strength (left hand)
 h - a ring of protection from magic (right hand)
 q - a cursed amulet of regeneration (around neck)
 r - an uncursed amulet of faith
 E - an uncursed amulet of magic regeneration
Wands
 A - a wand of acid (0/15)
 F - a wand of iceblast (8/15)
Scrolls
 k - a scroll of recharging
 y - a scroll of identify
 z - a scroll of fog
Potions
 d - a potion of might
 g - 3 potions of degeneration
 j - 2 potions of flight
 l - a potion of curing
 m - 2 potions of brilliance
 n - 3 potions of agility {unknown}
 o - 2 potions of ambrosia {unknown}
 s - 4 potions of haste
 B - a potion of heal wounds
Books
 C - a book of Geomancy

   Spells                             Type                      Level
   a - Sandblast                      Earth                        1
   b - Passwall                       Transmutation/Earth          2
   c - Stone Arrow                    Conjuration/Earth            3
   d - Petrify                        Transmutation/Earth          4
   e - Lee's Rapid Deconstruction     Earth                        5
 D - a book of Flames

   Spells                             Type                      Level
   a - Flame Tongue                   Conjuration/Fire             1
   b - Throw Flame                    Conjuration/Fire             2
   c - Conjure Flame                  Conjuration/Fire             3
   d - Inner Flame                    Hexes/Fire                   3
   e - Sticky Flame                   Conjuration/Fire             4
   f - Fireball                       Conjuration/Fire             5
Comestibles
 f - 5 bread rations
 i - a meat ration
 w - 4 fruits


   Skills:
 + Level 9.2 Fighting
 * Level 10.9(13.0) Staves
 + Level 9.0 Armour
 - Level 3.6 Shields


You had 9 spell levels left.
You didn't know any spells.

Dungeon Overview and Level Annotations

Branches:
Dungeon (12/15)            Temple (1/1) D:4            Lair (0/6) D:10
    Orc: D:9-12

Altars:
Ashenzari
Cheibriados
Dithmenos
Elyvilon
Fedhas
Makhleb
Nemelex Xobeh
Ru
Trog
Uskayaw
Vehumet
Xom
Yredelemnul
The Shining One

Shops:
D:9 [

Annotations:
D:9 Protee's ghost, novice DsEE
D:11 Josephine


Innate Abilities, Weirdness & Mutations

You cannot be hasted, slowed, berserked, paralysed or teleported.
You can dig through walls and to a lower floor.
Your four strong arms can wield two-handed weapons with a shield.
You have a pair of large antennae on your head. (SInv)


Message History

The yak is heavily wounded.
The yak gores you! The yak barely misses you.
You sock the yak!
The yak is severely wounded.
The yak gores you.
You closely miss the yak.
The yak is severely wounded.
The yak gores you! x2
* * * LOW HITPOINT WARNING * * *
You are too injured to fight recklessly!
You are too injured to fight recklessly!
There is an open door here.
There is an open door here.
You are near starving!
You open the door. The yak gores you.
* * * LOW HITPOINT WARNING * * *
There is an open door here.
Protee's ghost casts a spell at the yak.
The door shatters!
The blast of rock fragments hits you!
You die...

* ,* ###'#### , ###...#
* #.>.### ###+####
###'#######* *
#......#####W.........
*#......##.Y'..........
,
,+......#..##{.........,
#......Y.###.......... ,
, * #.....@###
#....<..... ,* #####.##
#.......... #.
#.......... , #.
#.......... * #.*
######.## #. , #. #.**
**, , ,, *


You could see 2 yaks and Protee's ghost.

Vanquished Creatures
  Pikel (D:7)
  A komodo dragon (D:10)
  2 hippogriffs
  6 ice beasts
  3 sky beasts
  2 orc warriors
  3 ogres
  2 phantoms
  2 centaurs
  A crocodile (D:8)
  4 bullfrogs
  2 big kobolds (D:8)
  A gnoll sergeant (D:8)
  A scorpion (D:6)
  7 killer bees
  A water moccasin skeleton (D:6)
  The ghost of asdu the Gusty, a weakling HuAE (D:3)
  A howler monkey (D:6)
  2 crimson imps (D:5)
  A quasit (D:8)
  Crazy Yiuf (D:7)
  A bullfrog zombie (D:6)
  4 jellies
  7 orc priests
  5 hounds
  9 orc wizards
  Jessica (D:2)
  Terence (D:2)
  An iguana (D:4)
  6 worker ants
  2 worker ant zombies (D:8)
  9 gnolls
  8 adders
  2 shadow imps
  An ooze (D:4)
  An adder zombie (D:6)
  An adder skeleton (D:4)
  A worm (D:2)
  A dart slug (D:2)
  3 leopard geckos
  31 orcs
  8 giant cockroaches
  3 hobgoblins
  8 jackals
  6 kobolds
  7 quokkas
  4 ball pythons
  13 bats
  5 frilled lizards
  7 goblins
  A quokka skeleton (D:5)
  9 rats
211 creatures vanquished.

Vanquished Creatures (others)
  A slave (D:7)
  2 plants (D:10)
3 creatures vanquished.

Grand Total: 214 creatures vanquished

Notes
Turn   | Place    | Note
-------+----------+-------------------------------------------
     0 | D:1      | kidcy the Formicid Fighter began the quest for the Orb.
     0 | D:1      | Reached XP level 1. HP: 18/18 MP: 1/1
     9 | D:1      | Upgraded the game from 0.20-a0-507-gc86f373 to 0.20-a0-513-g02c11fc
   148 | D:1      | Reached XP level 2. HP: 24/24 MP: 2/2
   795 | D:1      | Reached XP level 3. HP: 29/29 MP: 3/3
   851 | D:2      | Noticed Jessica
   858 | D:2      | Killed Jessica
   858 | D:2      | Reached XP level 4. HP: 37/37 MP: 4/4
   896 | D:2      | Reached skill level 3 in Staves
   959 | D:2      | Found a snail-covered altar of Cheibriados.
   998 | D:2      | Found a glowing golden altar of the Shining One.
  1000 | D:2      | Found a shadowy altar of Dithmenos.
  1339 | D:2      | Noticed Terence
  1348 | D:2      | Killed Terence
  1348 | D:2      | Reached XP level 5. HP: 36/42 MP: 5/5
  1658 | D:3      | Noticed asdu's ghost (weakling HuAE)
  1684 | D:3      | Killed asdu's ghost
  2242 | D:3      | Found a shimmering altar of Xom.
  2547 | D:4      | Reached XP level 6. HP: 45/49 MP: 6/6
  2552 | D:4      | Found a staircase to the Ecumenical Temple.
  2567 | D:4      | Reached skill level 4 in Staves
  2723 | Temple   | Entered the Ecumenical Temple
  2775 | Temple   | Became a worshipper of Ashenzari the Shackled
  2891 | D:4      | Found a basalt altar of Yredelemnul.
  3004 | D:4      | Found a white marble altar of Elyvilon.
  3072 | D:4      | Reached skill level 5 in Armour
  3162 | D:4      | Reached XP level 7. HP: 27/55 MP: 7/7
  3220 | D:4      | You fall through a shaft for 3 floors!
  3220 | D:7      | Noticed Pikel
  3244 | D:7      | Killed Pikel
  3244 | D:7      | Reached skill level 5 in Fighting
  3244 | D:7      | Reached skill level 6 in Staves
  3244 | D:7      | Reached XP level 8. HP: 57/64 MP: 8/8
  3609 | D:6      | Reached skill level 7 in Staves
  3643 | D:6      | Found a bloodstained altar of Trog.
  3689 | D:5      | Entered Level 5 of the Dungeon
  3862 | D:4      | Reached XP level 9. HP: 63/71 MP: 9/9
  4237 | D:5      | Reached skill level 8 in Staves
  4702 | D:5      | Reached * piety under Ashenzari
  5475 | D:6      | Reached skill level 9 in Staves
  5901 | D:7      | Found a runed door.
  5922 | D:7      | Reached XP level 10. HP: 80/80 MP: 10/10
  5936 | D:7      | Noticed Crazy Yiuf
  5942 | D:7      | Killed Crazy Yiuf
  6111 | D:7      | Found a burning altar of Makhleb.
  6766 | D:8      | Reached skill level 10 in Staves
  6973 | D:8      | Reached ** piety under Ashenzari
  7601 | D:9      | Found Lugyuvun's Antique Armour Shop.
  7638 | D:9      | Noticed Protee's ghost (novice DsEE)
  7653 | D:9      | You fall through a shaft for 3 floors!
  7661 | D:11     | Noticed Josephine
  7805 | D:10     | Entered Level 10 of the Dungeon
  7872 | D:10     | Found a staircase to the Lair.
  7873 | D:10     | Noticed a komodo dragon
  7891 | D:10     | Killed a komodo dragon
  7938 | D:10     | Noticed a two-headed ogre
  8059 | D:9      | Killed from afar by Protee's ghost

Vault maps used:
D:1:      lemuel_arrival_hallway, minmay_splitting_lines
D:2:      overflow_temple_1_default, chequers_temple_overflow_statue_of_worship,
          uniq_jessica, uniq_terence
D:3:      overflow_temple_1_default, first_bread
D:4:      kennysheep_ying_yang, bh_walls_and_bars
D:5:      minmay_door_square
D:6:      trog_three_pillars_becter
D:7:      old_standard_altar, uniq_pikel, uniq_crazy_yiuf_cottage
D:9:      okawaru_altar_gauntlet_db, lemuel_blue_sif_altar, serial_shops,
          nicolae_shop_behind_doors, nicolae_shop_competitors_out_of_business,
          shop
D:10:     david_lair_shrubbed, kennysheep_generic_room_10, uniq_joseph
D:11:     uniq_josephine
D:12:     hiddenorc2_lemuel, serial_shops, nicolae_shop_trees
Temple:   minmay_temple_forest_path

Skill      XL: |  1  2  3  4  5  6  7  8  9 10 |
---------------+-------------------------------+-----
Armour         | 4 5 6 7 9 |  9.0
Staves         | 3 4 6 7 9 10 | 10.9
Fighting       | 4 5 6 7 9 |  9.2
Shields        | |  3.6

Action                   |  1- 3 |  4- 6 |  7- 9 | 10-12 || total
-------------------------+-------+-------+-------+-------++-------
Melee: Quarterstaff      |    64 |   239 |   423 |   256 ||   982
Invok: Curse Item        |       |       |     2 |       ||     2
 Abil: Shaft Self        |       |       |     1 |     1 ||     2
       Dig               |       |       |       |     5 ||     5
Evoke: Wand              |       |       |       |     3 ||     3
  Use: Scroll            |       |    11 |     2 |     3 ||    16
       Potion            |       |       |     3 |       ||     3
  Eat: Chunk             |       |     6 |     7 |     3 ||    16
       Bread ration      |       |       |     1 |     1 ||     2
Armor: Scale mail        |    37 |    99 |       |       ||   136
       Ring mail         |       |    22 |   173 |    92 ||   287
       Skin              |       |       |     1 |       ||     1
Dodge: Dodged            |    20 |    87 |    98 |    68 ||   273
Block: Shield            |    39 |   138 |   201 |   115 ||   493
